 Dungeon Crawl Stone Soup version 0.26-a0-84-g8c18429211 (webtiles) character file.

Game seed: 3903946916764449289

1486 MalarOregon the Conjurer (level 8, -10/74 HPs)
             Began as a White Draconian Conjurer on June 20, 2020.
             Was an Initiate of Sif Muna.
             Mangled by a two-headed ogre
             ... wielding a +0 giant club
              (21 damage)
             ... on level 5 of the Dungeon.
             The game lasted 00:12:00 (6499 turns).

MalarOregon the Conjurer (White Draconian Conjurer) Turns: 6499, Time: 00:12:00

Health: -10/74     AC:  8    Str: 11    XL:     8   Next: 50%
Magic:  5/15       EV: 17    Int: 17    God:    Sif Muna [......]
Gold:   164        SH:  0    Dex: 12    Spells: 9/17 levels left

rFire    . . .     SeeInvis .     - Unarmed
rCold    + . .     Gourm    .   (no shield)
rNeg     . . .     Faith    .   (armour unavailable)
rPois    .         Spirit   .   (helmet restricted)
rElec    .         Reflect  .   (no cloak)
rCorr    +         Harm     .   d - +1 pair of gloves
MR       .....                  (no boots)
Stlth    ++........             f - amulet of the acrobat
HPRegen  0.22/turn              h - +4 ring of evasion
MPRegen  0.14/turn              l - ring of resist corrosion

@: very slightly contaminated, slowed, very slow
A: breathe frost, unfitting armour, stinger 1, cold resistance 1, robust 1,
cold-blooded, AC +6
a: Breathe Frost, Renounce Religion


You were on level 5 of the Dungeon.
You worshipped Sif Muna.
Sif Muna was noncommittal.
You were not hungry.

You visited 2 branches of the dungeon, and saw 7 of its levels.

You collected 164 gold pieces.

Inventory:

Armour
 d - a +1 pair of gloves (worn)
   (You found it on level 2 of the Dungeon)
Jewellery
 f - an amulet of the acrobat (around neck)
   (You found it on level 1 of the Dungeon)
 h - a +4 ring of evasion (left hand)
   (You found it on level 1 of the Dungeon)
 l - a ring of resist corrosion (right hand)
   (You found it on level 2 of the Dungeon)
 s - an uncursed ring of flight {unknown}
   (You found it on level 5 of the Dungeon)
Wands
 t - a wand of flame (15)
   (You found it on level 4 of the Dungeon)
Scrolls
 a - a scroll of teleportation {@r4}
 b - 2 scrolls of remove curse {@r2}
 c - a scroll of noise {unknown}
 k - a scroll of enchant weapon {unknown}
 m - 3 scrolls of identify {@r1}
Potions
 i - a potion of berserk rage {unknown}
 j - 3 potions of ambrosia {unknown}
 n - a potion of curing {@q1}
 o - 2 potions of cancellation {unknown}
 p - a potion of heal wounds {@q2}
 q - a potion of mutation {!q}
Comestibles
 e - 15 rations {!d}
 g - 5 chunks of flesh


   Skills:
 * Level 5.2 Fighting
 + Level 3.5 Dodging
 - Level 1.7 Stealth
 * Level 4.9 Unarmed Combat
 * Level 5.0 Spellcasting
 * Level 6.3 Conjurations


You had 9 spell levels left.
You knew the following spells:

 Your Spells              Type           Power        Failure   Level  Hunger
a - Magic Dart            Conj           ####         1%          1    None
b - Dazzling Flash        Conj/Hex       ###...       12%         3    ###....
z - Fulminant Prism       Conj/Hex       ###.......   36%         4    ####...

Your spell library contained the following spells:

 Spells                   Type           Power        Failure   Level  Hunger
 Searing Ray              Conj           ####..       1%          2    #......
 Iskenderun's Mystic Bla  Conj/Tloc      ###.....     36%         4    ####...


Dungeon Overview and Level Annotations

Branches:
Dungeon (6/15)             Temple (1/1) D:5

Altars:
Ashenzari
Cheibriados
Dithmenos
Elyvilon
Fedhas
Gozag
Hepliaklqana
Kikubaaqudgha
Makhleb
Nemelex Xobeh
Okawaru
Qazlal
Ru
Sif Muna
Trog
Uskayaw
Vehumet
Wu Jian
Xom
Yredelemnul
Zin
The Shining One

Annotations:
D:3 1 runed translucent door, vurker's ghost, amateur HaSk


Innate Abilities, Weirdness & Mutations

You can breathe waves of freezing cold.
You can buffet flying creatures when you breathe cold.
Your icy white scales are hard. (AC +6)
You cannot fit into any form of body armour.
Your flesh is cold resistant. (rC+)
You are cold-blooded and may be slowed by cold attacks.
Your tail ends in a poisonous barb.
You are robust. (+10% HP)


Message History

You climb downwards.
A black bear comes into view.
The black bear growls angrily.
You hear a shout!
The orc warrior closely misses you. The wight closely misses you.
The wight barely misses you. The orc misses you. The wight barely misses you.
The orc priest invokes the aid of Beogh against you.
Beogh smites you!
There is a stone staircase leading up here.
The orc hits you but does no damage. The two-headed ogre misses you.
The two-headed ogre closely misses you. The phantom barely misses you.
The wight misses you.
The wight hits you from afar with a +3 spear of freezing!
You climb upwards.
There is a stone staircase leading down, spattered with blood here.
The orc is dazzled.
The orc closely misses you. The phantom hits you.
The two-headed ogre misses you.
The two-headed ogre hits you with a +0 giant spiked club.
You hit the orc. The phantom closely misses you.
The two-headed ogre completely misses you. x2
The orc completely misses you. The phantom completely misses you.
You see here a bullfrog skeleton.
You hit the orc. You tail-slap the orc.
You kill the orc!
Sif Muna accepts your kill.
Your Spellcasting skill increases to level 5!
The phantom hits you but does no damage.
The two-headed ogre barely misses you.
The two-headed ogre completely misses you.
You see here a +0 leather armour.
You conjure a prism of explosive energy!
A fulminant prism comes into view.
Something hits your fulminant prism!
The phantom hits you but does no damage.
You miscast Fulminant Prism.
You are very lightly contaminated with residual magic.
You hear an indistinct dissonance whispering inside your mind.
You feel yourself slow down. The phantom hits you.
The phantom blinks!
The puff of flame hits the wight.
The two-headed ogre hits you with a +0 giant club!!
* * * LOW HITPOINT WARNING * * *
The two-headed ogre hits you with a +0 giant spiked club!
* * * LOW HITPOINT WARNING * * *
Okay, then.
As you read the scroll labeled ERYMNA QAHOK, it crumbles to dust.
It is a scroll of enchant armour.
Your +0 pair of gloves glows green for a moment.
The two-headed ogre misses you.
The two-headed ogre hits you with a +0 giant spiked club!!
You die...

######..####.#<..## #.. ##..#
##...### #.# #..## #....# #.#
#...###.##.# ###.# #.#..##.##.#
#...# #.##.##.##.# #.###
#.##.##.##.# #.# ##.##.##.##.#
##.# #..##.@Oz##.######..##
###.######[##.##.......## #...##
#....#.....###.... #....#
#.......8..._..(8.
#....###...........).....
####..##....#..8.......8.
######## #......................
#......####.###.....##.8.......8.
........#.>.# #.....##...........


You could see a two-headed ogre and a wight.

Vanquished Creatures
  Sigmund (D:2)
  An ice beast (D:5)
  A phantom (D:4)
  2 ogres
  A big kobold (D:4)
  2 bullfrogs
  2 scorpions (D:4)
  A water moccasin skeleton (D:4)
  A wight (D:5)
  2 howler monkeys
  A crimson imp (D:5)
  2 hounds
  A jelly (D:5)
  An orc priest (D:3)
  2 orc wizards
  A bullfrog skeleton (D:4)
  An iguana (D:5)
  Terence (D:2)
  2 worker ants
  A hound skeleton (D:4)
  4 gnolls (D:4)
  6 adders
  2 worms
  A dart slug (D:4)
  5 leopard geckos
  10 orcs
  4 giant cockroaches
  6 goblins
  5 hobgoblins
  10 jackals
  8 kobolds
  3 quokkas
  A ball python (D:3)
  6 frilled lizards
  A quokka skeleton (D:4)
  7 rats
106 creatures vanquished.

Vanquished Creatures (others)
  2 fulminant prisms (D:5)
2 creatures vanquished.

Grand Total: 108 creatures vanquished

Notes
Turn   | Place    | Note
-------+----------+-------------------------------------------
     0 | D:1      | MalarOregon the Draconian Conjurer began the quest for the
                  | Orb.
     0 | D:1      | Reached XP level 1. HP: 14/14 MP: 3/3
   424 | D:1      | Reached XP level 2. HP: 22/22 MP: 0/5
   878 | D:2      | Noticed an ogre
  1177 | D:2      | Noticed Sigmund
  1180 | D:2      | Gained mutation: Your tail ends in a poisonous barb.
                  | [potion of mutation]
  1180 | D:2      | Gained mutation: You are robust. (+10% HP) [potion of
                  | mutation]
  1205 | D:2      | Killed Sigmund
  1205 | D:2      | Reached XP level 3. HP: 19/33 MP: 2/7
  1205 | D:2      | Reached XP level 4. HP: 23/40 MP: 2/8
  1205 | D:2      | Reached XP level 5. HP: 26/46 MP: 2/9
  1338 | D:2      | Learned a level 3 spell: Dazzling Flash
  1343 | D:2      | Learned a level 4 spell: Fulminant Prism
  1374 | D:2      | Noticed Terence
  1423 | D:2      | Killed Terence
  2092 | D:3      | Reached XP level 6. HP: 55/55 MP: 2/10
  2420 | D:3      | Reached skill level 5 in Conjurations
  2814 | D:3      | Found a runed translucent door.
  2817 | D:3      | Noticed vurker's ghost (amateur HaSk)
  3493 | D:4      | Your scales start taking on an icy white colour.
  3493 | D:4      | Reached XP level 7. HP: 45/62 MP: 1/12
  3493 | D:4      | Gained mutation: Your flesh is cold resistant. (rC+) [White
                  | Draconian growth]
  4785 | D:4      | Reached XP level 8. HP: 30/73 MP: 8/14
  5288 | D:5      | Entered Level 5 of the Dungeon
  5296 | D:5      | Reached skill level 6 in Conjurations
  5365 | D:5      | Found a staircase to the Ecumenical Temple.
  5564 | Temple   | Entered the Ecumenical Temple
  5780 | Temple   | Became a worshipper of Sif Muna the Loreminder
  5908 | D:5      | Found a hide-covered altar of Uskayaw.
  6305 | D:5      | Reached skill level 5 in Fighting
  6336 | D:6      | Noticed a two-headed ogre
  6494 | D:5      | Reached skill level 5 in Spellcasting
  6499 | D:5      | Mangled by a two-headed ogre

Illustrated notes

Levels and vault maps discovered:
D:1:      tarquinn_simple_flora_water_b, layout_rooms, minmay_misc_feat_rugged
D:2:      layout_loops_corners, first_ration, uniq_sigmund, uniq_terence
D:3:      layout_rooms, ebering_ghost_reflecting_pool
D:4:      layout_basic, chequers_serial_rivers_micro_a
D:5:      layout_rooms, eat_drink_and_be_merry_uskayaw, temple_pool_b
D:6:      layout_rooms, serial_shops, nicolae_shop_crystal
Temple:   kilobyte_greek_temple

Skill      XL: |  1  2  3  4  5  6  7  8 |
---------------+-------------------------+-----
Fighting       | 2 3 4 5 |  5.2
Dodging        | 2 3 |  3.5
Unarmed Combat | 2 3 4 |  4.9
Spellcasting   | 3 4 5 |  5.0
Conjurations   | 5 6 |  6.3
Stealth        | |  1.7

Action                   |  1- 3 |  4- 6 |  7- 9 || total
-------------------------+-------+-------+-------++-------
Melee: Unarmed           |    41 |   209 |   302 ||   552
       Tailslap          |     4 |    24 |    36 ||    64
       Punch             |       |     1 |     3 ||     4
 Cast: Magic Dart        |    12 |    93 |    40 ||   145
       Dazzling Flash    |       |    10 |    12 ||    22
       Fulminant Prism   |       |       |     2 ||     2
 Abil: Breathe Frost     |       |       |     1 ||     1
Evoke: Wand              |       |       |     1 ||     1
  Use: Potion            |     6 |       |     1 ||     7
       Scroll            |       |     5 |     1 ||     6
 Stab: Invisible         |       |     5 |     6 ||    11
       Sleeping          |       |       |     1 ||     1
  Eat: Chunk             |     1 |     5 |     8 ||    14
       Ration            |       |     1 |     1 ||     2
Armor: Skin              |     6 |    27 |    77 ||   110
Dodge: Dodged            |    27 |   150 |   312 ||   489

Table legend:
 A = Non-vault XP
 B = Vault XP
 C = Vault XP percentage of total XP
 D = Non-vault monster count
 E = Vault monster count
 F = Vault count percentage of total count
                 A         B        C        D         E       F
            +---------+---------+-------+---------+---------+-------
      Total |    1861 |     263 |  12.4 |     104 |       2 |   1.9
            +---------+---------+-------+---------+---------+-------
        D:1 |      15 |       0 |   0.0 |       8 |       0 |   0.0
        D:2 |     140 |     263 |  65.3 |       5 |       2 |  28.6
        D:3 |     305 |       0 |   0.0 |      39 |       0 |   0.0
        D:4 |     845 |       0 |   0.0 |      32 |       0 |   0.0
        D:5 |     556 |       0 |   0.0 |      20 |       0 |   0.0
            +---------+---------+-------+---------+---------+-------
